 Dungeon Crawl Stone Soup version 0.29.1-15-g9cfb28693d (webtiles) character file.

Game seed: 13422382309815387097

1000 Groucho the Covert (level 8, -1/36 HPs)
             Began as a Spriggan Enchanter on Mar 19, 2023.
             Shot with an arrow by a centaur (13 damage)
             ... on level 5 of the Dungeon.
             The game lasted 00:11:18 (11616 turns).

Groucho the Covert (Spriggan Enchanter)            Turns: 11616, Time: 00:11:19

Health: -1/36      AC:  2    Str:  6    XL:     8   Next: 0%
Magic:  12/16      EV: 19    Int: 16    God:
Gold:   313        SH:  0    Dex: 16    Spells: 6/17 levels left

rFire   . . .      SeeInvis +   a - +1 dagger
rCold   . . .      Faith    .   (no shield)
rNeg    . . .      Spirit   .   b - +0 robe
rPois   .          Reflect  .   (helmet restricted)
rElec   .          Harm     .   (no cloak)
rCorr   .          Rampage  .   (gloves unavailable)
Will    +....                   (boots unavailable)
Stlth   ++++......              (no amulet)
HPRegen 0.12/turn               (no ring)
MPRegen 0.15/turn               (no ring)

@: very quick
A: very small, no large weapons, unfitting armour, see invisible, speed 3
a: no special abilities


You were on level 5 of the Dungeon.
You visited 1 branch of the dungeon, and saw 5 of its levels.

You collected 313 gold pieces.

Inventory:

Hand Weapons
 a - a +1 dagger (weapon)
Missiles
 f - 10 poisoned darts (quivered)
 m - 6 boomerangs of dispersal
Armour
 b - a +0 robe (worn)
Jewellery
 k - a ring of wizardry
Wands
 t - a wand of flame (1)
Scrolls
 d - a scroll of butterflies {unknown}
 e - a scroll of vulnerability
 h - a scroll of torment {unknown}
 i - a scroll of magic mapping {unknown}
 l - 5 scrolls of identify {unknown}
 o - a scroll of noise {unknown}
 p - 2 scrolls of blinking {unknown}
 q - a scroll of brand weapon {unknown}
 s - a scroll of enchant weapon {unknown}
Potions
 c - a potion of invisibility
 g - a potion of brilliance {unknown}
 j - a potion of heal wounds
 n - a potion of mutation {unknown}
 r - 2 potions of cancellation {unknown}
 u - a potion of attraction {unknown}


   Skills:
 + Level 4.1 Short Blades
 + Level 5.3 Dodging
 * Level 9.5 Stealth
 + Level 5.1 Spellcasting
 + Level 5.8 Hexes


You had 6 spell levels left.
You knew the following spells:

 Your Spells              Type           Power      Damage    Failure   Level
a - Ensorcelled Hibernat  Hex/Ice        26%        N/A       7%          2
b - Confusing Touch       Hex            22%        N/A       4%          3
c - Dazzling Flash        Conj/Hex       26%        N/A       14%         3
d - Tukima's Dance        Hex            22%        N/A       4%          3

Your spell library contained the following spells:

 Spells                   Type           Power      Damage    Failure   Level
 Inner Flame              Hex/Fire       13%        N/A       14%         3
 Summon Guardian Golem    Hex/Summ       13%        N/A       14%         3
 Cause Fear               Hex            11%        N/A       14%         4
 Scorch                   Fire           8%         2d5       22%         2
 Flame Wave               Conj/Fire      4%         2d5       83%         4
 Freezing Cloud           Conj/Ice/Air   2%         6-21      99%         5
 Simulacrum               Ice/Necr       2%         N/A       100%        6
 Summon Cactus Giant      Summ           2%         N/A       100%        6
 Orb of Destruction       Conj           2%         9d5       100%        7
 Spellforged Servitor     Conj/Summ      2%         N/A       100%        7
 Discord                  Hex            11%        N/A       100%        8
 Polar Vortex             Ice            2%         N/A       100%        9


Dungeon Overview and Level Annotations

Branches:
Dungeon (5/15)
 Temple: D:4-7

Altars:
Cheibriados
Makhleb
Okawaru
Trog
Vehumet
Yredelemnul


Innate Abilities, Weirdness & Mutations

You are very small and have problems with some larger weapons.
You are too small for most types of armour.
You have supernaturally acute eyesight. (SInv)
You cover ground extremely quickly. (Speed+++)


Message History

Aiming: Ensorcelled Hibernation (safe; 7% risk of failure)
Press: ? - help, Shift-Dir - straight line, f - iguana
Aim: an iguana (weak-willed, chance to affect: 60%)
The iguana looks drowsy...
The helpless iguana fails to defend itself.
You spit the iguana like a pig!!!
You kill the iguana!
You have reached level 8!
Unknown command.
You start resting.
You feel your willpower return.
You start resting.
Magic restored.
You start resting.
HP restored.
You start waiting.
Done waiting.
You start waiting.
Done waiting.
You start waiting.
Done waiting.
You climb downwards.
The centaur shoots an arrow.
The arrow hits you!
The centaur shoots an arrow.
The arrow barely misses you.
The centaur shoots an arrow.
The arrow hits you.
There is a stone staircase leading up here.
Casting: Ensorcelled Hibernation (safe; 7% risk of failure)
Confirm with . or Enter, or press ? or * to list all spells.
Aiming: Ensorcelled Hibernation (safe; 7% risk of failure)
Press: ? - help, Shift-Dir - straight line, f - centaur
Aim: a centaur, wielding a +0 shortbow (chance to affect: 47%)
The centaur resists with some effort.
The centaur shoots an arrow.
The arrow closely misses you.
Casting: Ensorcelled Hibernation (safe; 7% risk of failure)
Confirm with . or Enter, or press ? or * to list all spells.
Aiming: Ensorcelled Hibernation (safe; 7% risk of failure)
Press: ? - help, Shift-Dir - straight line, f/p - centaur
Aim: a centaur, wielding a +0 shortbow (chance to affect: 47%)
The centaur resists with some effort.
The centaur shoots an arrow.
The arrow hits you!
The centaur shoots an arrow.
The arrow hits you!
You die...

.........†.......##....#######
..................+....#.....##
#......##.........#...........#
#..>...##...##...##...........#
.......#######...#######......#
#.............c..##...##......#
#......................#......#
#.................)....#......#
#...).......##..@##....#......#
#......##...##...##...##.....##
#......##...##...##...##.....##
#......#c...#.........#.......#
#....[.#....#.........'.......#
#......#....#.........#.......#
#......#...)#######...##......#
#......##...##...##(..##......+
#......##)..##...#...........##


You could see a centaur.

Vanquished Creatures
  An ice beast (D:4)
  2 ogres
  A centaur (D:5)
  A phantom (D:4)
  2 necrophages (D:4)
  A scorpion (D:5)
  A crimson imp (D:4)
  An orc priest (D:5)
  A gnoll bouda (D:1)
  4 iguanas
  8 gnolls
  4 adders
  2 worms
  2 dart slugs (D:2)
  4 orcs
  8 ball pythons
  8 endoplasms
  2 giant cockroaches
  7 goblins
  6 hobgoblins
  10 jackals
  3 quokkas
  5 bats
  8 kobolds
  9 rats
101 creatures vanquished.

Vanquished Creatures (others)
  An orc wizard (D:5)
  6 demonic plants (D:1)
  3 fungi (D:1)
  3 plants (D:1)
13 creatures vanquished.

Grand Total: 114 creatures vanquished

Notes
Turn   | Place    | Note
-------+----------+-------------------------------------------
     0 | D:1      | Groucho the Spriggan Enchanter began the quest for the Orb.
     0 | D:1      | Reached XP level 1. HP: 9/9 MP: 5/5
   571 | D:1      | Reached XP level 2. HP: 11/13 MP: 6/6
   639 | D:1      | Reached skill level 5 in Stealth
  1076 | D:1      | Learned a level 2 spell: Ensorcelled Hibernation
  1559 | D:1      | Reached XP level 3. HP: 13/16 MP: 4/8
  2219 | D:1      | Found a faded altar of an unknown god.
  3067 | D:2      | Reached XP level 4. HP: 21/21 MP: 10/10
  3094 | D:2      | Learned a level 3 spell: Confusing Touch
  4197 | D:2      | Reached skill level 6 in Stealth
  4275 | D:1      | Reached XP level 5. HP: 21/24 MP: 2/11
  4551 | D:1      | Learned a level 3 spell: Dazzling Flash
  4555 | D:1      | Learned a level 3 spell: Tukima's Dance
  5588 | D:3      | Found a snail-covered altar of Cheibriados.
  5729 | D:3      | Noticed an ogre
  5737 | D:3      | Killed an ogre
  6039 | D:3      | Reached XP level 6. HP: 13/28 MP: 7/12
  6675 | D:4      | Reached skill level 7 in Stealth
  7660 | D:4      | Reached skill level 5 in Hexes
  8146 | D:4      | Found a radiant altar of Vehumet.
  8147 | D:4      | Found a burning altar of Makhleb.
  8154 | D:4      | Reached skill level 8 in Stealth
  8154 | D:4      | Reached XP level 7. HP: 32/32 MP: 11/14
  8530 | D:5      | Entered Level 5 of the Dungeon
 10209 | D:5      | Reached skill level 5 in Dodging
 10209 | D:5      | Reached skill level 9 in Stealth
 10540 | D:5      | Reached skill level 5 in Spellcasting
 11104 | D:5      | Found a bloodstained altar of Trog.
 11104 | D:5      | Found a basalt altar of Yredelemnul.
 11104 | D:5      | Found an iron altar of Okawaru.
 11169 | D:4      | Reached XP level 8. HP: 18/36 MP: 13/16
 11616 | D:5      | Shot with an arrow by a centaur

Illustrated notes

Levels and vault maps discovered:
D:1:      elethiomel_arrival_maze, layout_rooms, shapermc_ecumenical_altar_gd
D:2:      layout_loops_ring, grunt_ministairs_11
D:3:      layout_loops_ring, mainiacjoe_overflow_chevrons
D:4:      layout_basic, grunt_temple_overflow_lords_of_destruction,
          cheibrodos_sewer_entry_drain
D:5:      layout_gridville, chequers_temple_overflow_statue_of_worship

Skill      XL: |  1  2  3  4  5  6  7 |
---------------+----------------------+-----
Stealth        | 5 6 8 9 |  9.5
Dodging        | 3 4 5 |  5.3
Spellcasting   | 3 4 5 |  5.1
Hexes          | 4 5 |  5.8
Short Blades   | 2 3 4 |  4.1

Action                   |  1- 3 |  4- 6 |  7- 9 || total
-------------------------+-------+-------+-------++-------
Melee: Dagger            |    82 |   137 |    53 ||   272
       Punch             |       |     2 |     1 ||     3
Throw: Dart              |     4 |       |       ||     4
 Cast: Ensorcelled Hiber |    15 |    16 |    37 ||    68
       Confusing Touch   |       |     3 |     2 ||     5
  Use: Potion            |     1 |     2 |     1 ||     4
       Scroll            |       |       |     1 ||     1
 Stab: Invisible         |     2 |       |       ||     2
       Sleeping          |    15 |    27 |    18 ||    60
       Distracted        |       |     2 |       ||     2
       Confused          |       |     3 |     3 ||     6
Armor: Robe              |    16 |     5 |     4 ||    25
Dodge: Dodged            |    66 |    63 |    66 ||   195
